 Dungeon Crawl Stone Soup version 0.16-a0-4112-g89a4107 (webtiles) character file.

139 rb10c the Bolt Thrower (level 5, -5/30 HPs)
             Began as a Kobold Hunter on Feb 26, 2015.
             Slain by gressup's ghost (7 damage)
             ... on level 4 of the Dungeon.
             The game lasted 00:07:37 (3298 turns).

rb10c the Bolt Thrower (Kobold Hunter)              Turns: 3298, Time: 00:07:37

Health: -5/30      AC:  5    Str: 11    XL:     5   Next: 46%
Magic:  5/5        EV: 20    Int:  9    God:
Gold:   188        SH:  0    Dex: 22    Spells: 0 memorised, 4 levels left

rFire  . . .     SeeInvis .     a - +2 dagger (venom)
rCold  . . .     Clarity  .     n - +0 leather armour (curse)
rNeg   . . .     SustAb   .     (no shield)
rPois  .         Gourm    .     e - +1 hat
rElec  .         Spirit   .     (no cloak)
rCorr  .         Warding  .     (no gloves)
rMut   .         Stasis   .     u - +0 pair of boots
MR     .....                    (no amulet)
Stlth  +++.......               (no ring)
                                (no ring)

@: agile, not resistant to hostile enchantments, fairly stealthy
A: carnivore 3
a: no special abilities


You were on level 4 of the Dungeon.
You were completely stuffed.

You visited 1 branch of the dungeon, and saw 4 of its levels.

You collected 188 gold pieces.

Inventory:

Hand weapons
 a - a +2 dagger of venom (weapon)
 b - a +1 hand crossbow
Missiles
 c - 43 bolts
Armour
 e - a +1 hat (worn)
 n - a cursed +0 leather armour (worn)
 u - a +0 pair of boots (worn)
Scrolls
 g - a scroll of enchant weapon {unknown}
 h - 6 scrolls of identify {unknown}
 i - 2 scrolls of magic mapping {unknown}
 l - 2 scrolls of fear {unknown}
 m - 2 scrolls of remove curse {unknown}
Potions
 j - a potion of lignification {unknown}
 k - a potion of poison {unknown}
 o - a potion of decay {unknown}
 q - a potion of cancellation {unknown}
 r - a potion of curing {unknown}
 s - a potion of flight {unknown}
Comestibles
 f - 3 meat rations
 p - a beef jerky


   Skills:
 - Level 2.1 Fighting
 + Level 3.8 Short Blades
 + Level 6.6 Crossbows
 - Level 2.4 Dodging
 - Level 1.3 Stealth


You had 4 spell levels left.
You didn't know any spells.

Dungeon Overview and Level Annotations

Branches:
Dungeon (4/15)
 Temple: D:4-7

Altars:
Kikubaaqudgha
Makhleb

Annotations:
D:4 gressup's ghost, average FeBe


Innate Abilities, Weirdness & Mutations

You are small and have problems with some larger weapons.
You are carnivorous and can eat meat at any time.


Message History

It was a potion of agility.
You feel agile all of a sudden. Gressup's ghost hits you.
* * * LOW HITPOINT WARNING * * *
Gressup's ghost completely misses you.
Gressup's ghost hits you but does no damage.
Gressup's ghost whispers, "Death doesn't hurt.
What you feel is life." Gressup's ghost barely misses you.
Gressup's ghost hits you!
* * * LOW HITPOINT WARNING * * *
There is a stone staircase leading up here.
Gressup's ghost completely misses you.
You climb upwards.
There is a stone staircase leading down here.
You climb downwards.
Level annotation: gressup's ghost, average FeBe Gressup's ghost closely misses you.
There is a stone staircase leading up here.
Gressup's ghost hits you!
You die...

.####...#######.##.##..#
#.##.# #...#######.##......
#.#...
#.........#.#######.##.#..#
####......#. ....#...
####......# ##... ..
#..+......+ #...
...####.##......# #..#
........##..)..W## #..#
................@# #..#
#######.########## #..#
...............# ...#
##############.# .#.## #.#
# ..# # .... # ..... #
......# #


You could see gressup's ghost.

Vanquished Creatures
  A worker ant (D:4)
  An adder (D:2)
  A giant mite (D:3)
  3 worms
  3 giant geckos
  2 oozes
  6 orcs
  A ball python (D:2)
  9 bats
  6 goblins
  7 hobgoblins
  9 kobolds
  8 giant cockroaches
  2 giant newts
  4 jackals
  A jackal skeleton (D:4)
  5 rats
69 creatures vanquished.

Notes
Turn   | Place    | Note
--------------------------------------------------------------
     0 | D:1      | rb10c, the Kobold Hunter, began the quest for the Orb.
     0 | D:1      | Reached XP level 1. HP: 12/12 MP: 1/1
    25 | D:1      | Reached skill level 5 in Crossbows
   285 | D:1      | Reached XP level 2. HP: 11/17 MP: 2/2
   893 | D:1      | Reached skill level 1 in Short Blades
   931 | D:1      | Reached XP level 3. HP: 12/21 MP: 3/3
  1117 | D:2      | Found an ancient bone altar of Kikubaaqudgha.
  1216 | D:2      | Reached XP level 4. HP: 13/26 MP: 4/4
  1370 | D:2      | Reached skill level 6 in Crossbows
  1383 | D:2      | Found a burning altar of Makhleb.
  2961 | D:3      | Reached XP level 5. HP: 26/30 MP: 5/5
  3261 | D:4      | Noticed gressup's ghost (average FeBe)
  3291 | D:4      | HP: 1/30 [gressup's ghost (8)]
  3298 | D:4      | Slain by gressup's ghost

Action                   |  1- 3 |  4- 6 || total
-------------------------+-------+-------++-------
Melee: Short sword       |    91 |    30 ||   121
       Dagger            |       |    86 ||    86
 Fire: Hand crossbow     |    33 |     8 ||    41
  Use: Potion            |       |     2 ||     2
 Stab: Sleeping          |       |     5 ||     5
  Eat: Chunk             |       |    16 ||    16
